 Dungeon Crawl Stone Soup version 0.27-a0-1325-g58a489ad9e (webtiles) character file.

Game seed: 7026831456106911505

7 dinky3 the Sneak (level 1, 0/11 HPs)
             Began as a Spriggan Delver on June 24, 2021.
             Slain by a goblin (2 damage)
             ... on level 1 of the Dungeon.
             The game lasted 00:02:45 (539 turns).

dinky3 the Sneak (Spriggan Delver)                   Turns: 539, Time: 00:02:46

Health: 0/11       AC:  2    Str:  8    XL:     1   Next: 91%
Magic:  2/2        EV: 17    Int: 11    God:
Gold:   66         SH:  0    Dex: 16    Spells: 0/0 levels left

rFire    . . .     SeeInvis +   a - +0 short sword
rCold    . . .     Faith    .   (shield restricted)
rNeg     . . .     Spirit   .   b - +0 robe
rPois    .         Reflect  .   (helmet restricted)
rElec    .         Harm     .   (no cloak)
rCorr    .         Rampage  .   (gloves unavailable)
Will     .....                  (boots unavailable)
Stlth    ++++......             (no amulet)
HPRegen  0.03/turn              (no ring)
MPRegen  0.08/turn              (no ring)

@: very quick
A: very small, no large weapons, unfitting armour, see invisible, speed 3
a: no special abilities


You were on level 1 of the Dungeon.
You visited 1 branch of the dungeon, and saw 5 of its levels.

You collected 66 gold pieces.

Inventory:

Hand Weapons
 a - a +0 short sword (weapon)
Armour
 b - a +0 robe (worn)
 d - a scarf of repulsion
Wands
 g - a wand of digging (3)
 k - a wand of polymorph (5)
Scrolls
 c - a scroll of fog
 e - a scroll of fear
 h - a scroll of blinking {unknown}
 i - a scroll of identify {unknown}
 l - a scroll of teleportation {unknown}
 m - a scroll of brand weapon {unknown}
Potions
 f - a potion of haste


   Skills:
 - Level 2.4 Fighting
 + Level 2.6 Short Blades
 - Level 2.6 Dodging
 + Level 7.5 Stealth


You couldn't memorise any spells.
You didn't know any spells.
Your spell library contained the following spells:

 Spells                   Type           Power      Damage    Failure   Level
 Summon Small Mammal      Summ           0%         N/A       34%         1
 Call Imp                 Summ           0%         N/A       47%         2
 Call Canine Familiar     Summ           0%         N/A       71%         3
 Summon Guardian Golem    Hex/Summ       0%         N/A       71%         3
 Summon Ice Beast         Ice/Summ       0%         N/A       98%         4
 Summon Lightning Spire   Summ/Air       0%         N/A       98%         4


Dungeon Overview and Level Annotations

Branches:
Dungeon (5/15)
 Temple: D:4-7

Altars:

Shops:
D:5 [


Innate Abilities, Weirdness & Mutations

You are very small and have problems with some larger weapons.
You are too small for most types of armour.
You have supernaturally acute eyesight. (SInv)
You cover ground extremely quickly. (Speed+++)


Message History

The endoplasm barely misses you.
Found 24 stones.
Found a papyrus book.
Found a leather armour.
You see here a scroll labelled ZINOFU SOLEWU.
m - a scroll labelled ZINOFU SOLEWU The ball python hisses angrily.
You see here a book of Callings.
You pick up a book of Callings and begin reading...
You add the spells Summon Small Mammal, Call Imp, Call Canine Familiar, Summon Guardian Golem, Summon Lightning Spire and Summon Ice Beast to your library.
The ball python completely misses you. x2
The endoplasm freezes you.
You are frozen.
* * * LOW HITPOINT WARNING * * *
Unknown command.
The ball python closely misses you. The ball python grabs you.
The ball python constricts you.
You escape the ball python's grasp.
A ball python comes into view.
The ball python hisses angrily.
The helpless frilled lizard fails to defend itself.
You impale the frilled lizard!!
You kill the frilled lizard!
Found a robe.
You see here a +0 robe.
A rat and a goblin come into view.
Found a robe.
The rat barely misses you.
You hit the rat but do no damage.
The goblin shouts!
The rat closely misses you.
You hit the rat.
You kill the rat!
Toss (no damage): wand of flame (20)
Press: ? - help, Shift-Dir - straight line, f - goblin
Aim: a goblin, wielding a +0 dagger (53% to hit)
You toss away a wand of flame (20).
The wand of flame (20) barely misses the goblin.
The goblin hits you with a +0 dagger.
You die...

.. #.# ... #S#
#.# #.# #.#
#######S#
#.S.....#
########.#######
........@.....#
########g####.#
#.# #.. ....
....# [/..#
.#####


You could see a goblin and a ball python.

Vanquished Creatures
  2 goblins (D:4)
  A ball python (D:3)
  A bat (D:3)
  A frilled lizard (D:1)
  2 kobolds
  A quokka skeleton (D:4)
  A rat (D:1)
9 creatures vanquished.

Vanquished Creatures (others)
  A plant (D:5)
1 creature vanquished.

Grand Total: 10 creatures vanquished

Notes
Turn   | Place    | Note
-------+----------+-------------------------------------------
     0 | D:5      | dinky3 the Spriggan Delver began the quest for the Orb.
     0 | D:5      | Reached XP level 1. HP: 11/11 MP: 2/2
    12 | D:5      | Found Let Pyme's Antique Armour Boutique.
    27 | D:5      | Noticed a scorpion
   236 | D:4      | Noticed a scorpion
   539 | D:1      | Slain by a goblin

Illustrated notes

Levels and vault maps discovered:
D:1:      nicolae_arrival_washed_ashore, layout_basic,
          shapermc_ecumenical_altar_starsandcircs
D:2:      layout_rooms
D:3:      cheibrodos_greedy_goblins, layout_loops_ring,
          kennysheep_generic_room_12
D:4:      layout_basic, serial_curves, eino_curves_03, eino_curves_02
D:5:      layout_cave_pools, serial_shops, shop, serial_bayou_ford_a

Action                   || total
-------------------------++-------
Melee: Short sword       ||    21
Throw: Dart              ||     3
  Use: Scroll            ||     1
 Stab: Sleeping          ||     4
Armor: Robe              ||     3
Dodge: Dodged            ||    26

Table legend: (Time is in decaauts)
 A = Elapsed time spent in this place.
 B = Non-inter-level travel time spent in this place.
 C = Inter-level travel time spent in this place.
 D = Time resting spent in this place.
 E = Time spent auto-exploring this place.
 F = Levels seen in this place.
 G = Mean time per level.
                   A        B        C        D        E       F      G
               +--------+--------+--------+--------+--------+-----+--------+
         Total |    347 |    330 |     17 |      0 |      0 |   5 |   69.4 |
       Dungeon |    347 |    330 |     17 |      0 |      0 |   5 |   69.4 |
               +--------+--------+--------+--------+--------+-----+--------+

Top non-repeatable levels by time:
     D:4: 194 daAuts
     D:3: 63 daAuts
     D:1: 54 daAuts
     D:5: 31 daAuts
     D:2: 4 daAuts
